 Dungeon Crawl Stone Soup version 0.27-a0-1182-gee19b5822f (webtiles) character file.

Game seed: 17050396680999501733

169 Ijustatesigmund the Chopper (level 5, -7/48 HPs)
             Began as a Hill Orc Fighter on May 18, 2021.
             Killed by divine providence
             ... invoked by an orc priest
              (13 damage)
             ... on level 3 of the Dungeon.
             The game lasted 00:03:42 (2499 turns).

Ijustatesigmund the Chopper (Hill Orc Fighter)      Turns: 2499, Time: 00:03:43

Health: -7/48      AC:  9    Str: 19    XL:     5   Next: 50%
Magic:  5/5        EV:  7    Int:  8    God:
Gold:   68         SH:  9    Dex: 11    Spells: 1/4 levels left

rFire    . . .     SeeInvis .   a - +0 war axe
rCold    . . .     Faith    .   c - +0 kite shield
rNeg     . . .     Spirit   .   b - +0 scale mail
rPois    .         Reflect  .   m - +0 helmet
rElec    .         Harm     .   f - +0 cloak
rCorr    .         Rampage  .   (no gloves)
Will     .....                  (no boots)
Stlth    ..........             (no amulet)
HPRegen  0.16/turn              (no ring)
MPRegen  0.09/turn              (no ring)

@: mighty
A: no striking features
a: Convert to Beogh


You were on level 3 of the Dungeon.
You visited 1 branch of the dungeon, and saw 3 of its levels.

You collected 68 gold pieces.

Inventory:

Hand Weapons
 a - a +0 war axe (weapon)
 n - a +0 flail of draining
Missiles
 l - 29 poisoned darts (quivered)
Armour
 b - a +0 scale mail (worn)
 c - a +0 kite shield (worn)
 f - a +0 cloak (worn)
 m - a +0 helmet (worn)
Scrolls
 k - a scroll of teleportation
Potions
 e - a potion of brilliance {unknown}
 g - a potion of cancellation {unknown}
 j - a potion of resistance {unknown}


   Skills:
 + Level 5.0 Fighting
 + Level 6.0 Axes
 + Level 3.4 Armour
 + Level 3.4 Shields


You had one spell level left.
You knew the following spells:

 Your Spells              Type           Power      Damage    Failure   Level
a - Magic Dart            Conj           0%         1d3       99%         1
b - Blink                 Tloc           N/A        N/A       100%        2

Your spell library contained the following spells:

 Spells                   Type           Power      Damage    Failure   Level
 Freeze                   Ice            0%         1d3       99%         1
 Call Imp                 Summ           0%         N/A       100%        2
 Slow                     Hex            0%         N/A       100%        2
 Conjure Flame            Conj/Fire      0%         6-21      100%        3
 Frozen Ramparts          Ice            0%         1d2       100%        3
 Mephitic Cloud           Conj/Pois/Air  0%         N/A       100%        3
 Ozocubu's Armour         Ice            0%         N/A       100%        3
 Hailstorm                Conj/Ice       0%         3d3       100%        4
 Metabolic Englaciation   Hex/Ice        0%         N/A       100%        5


Dungeon Overview and Level Annotations

Branches:
Dungeon (3/15)

Altars:
Dithmenos
Xom
Zin

Shops:
D:2 :


Message History

You block the orc's attack.
You slash the orc!
You kill the orc!
Something hits you.
You miss something.
The orc priest calls down the wrath of Beogh upon you.
Beogh smites you!
You hear some strange, mumbled words.
A puff of flame appears from out of thin air!
The puff of flame hits you!
You are too injured to fight recklessly!
You are too injured to fight recklessly!
You are too injured to fight recklessly!
You are too injured to fight recklessly!
You are too injured to fight recklessly!
You feel very mighty all of a sudden. You block something's attack.
The orc priest mumbles some strange prayers to Beogh against you.
Beogh smites you!
* * * LOW HITPOINT WARNING * * *
You slash something!
Reactivating autopickup.
You feel a bit more experienced.
Your Fighting skill increases to level 5!
Your Axes skill increases to level 6!
You barely miss the orc priest.
The orc priest shouts, "Join the one true god or die!"
The orc priest barely misses you.
The orc priest invokes the aid of Beogh against you.
Pain shoots through your body!
* * * LOW HITPOINT WARNING * * *
You barely miss the orc priest.
The orc priest calls down the wrath of Beogh upon you.
You barely resist. You hit the orc priest.
The orc priest shouts, "Join the one true god or die!"
The orc priest is heavily wounded.
The orc priest invokes the aid of Beogh against you.
Beogh smites you!
You die...

#.# #.# #.## ... #.#
###.##### #........
#.##############.#.#####
#.....o@......##.#...)..
#############.##.#######
#.##.# #.##.# #.##.#
#....# #.##.# ######


You could see an orc priest.

Vanquished Creatures
  An orc priest (D:3)
  Natasha (D:3)
  An orc wizard (D:3)
  An adder (D:2)
  2 worms (D:2)
  4 dart slugs
  4 orcs (D:3)
  4 ball pythons (D:1)
  2 endoplasms (D:1)
  2 giant cockroaches
  6 goblins
  3 hobgoblins
  5 jackals (D:2)
  6 kobolds
  A quokka (D:2)
  5 bats
  9 frilled lizards
  6 rats
63 creatures vanquished.

Notes
Turn   | Place    | Note
-------+----------+-------------------------------------------
     0 | D:1      | Ijustatesigmund the Hill Orc Fighter began the quest for
                  | the Orb.
     0 | D:1      | Reached XP level 1. HP: 19/19 MP: 1/1
   152 | D:1      | Reached skill level 3 in Axes
   286 | D:1      | Reached XP level 2. HP: 27/27 MP: 2/2
   739 | D:1      | Reached skill level 4 in Axes
   962 | D:2      | Reached XP level 3. HP: 32/33 MP: 3/3
  1012 | D:2      | Found Esoigh's Book Boutique.
  1052 | D:2      | Learned a level 1 spell: Magic Dart
  1178 | D:2      | Reached XP level 4. HP: 41/41 MP: 4/4
  1181 | D:2      | Learned a level 2 spell: Blink
  1260 | D:2      | Reached skill level 5 in Axes
  1413 | D:2      | Found a shadowy altar of Dithmenos.
  2189 | D:3      | Noticed Natasha
  2197 | D:3      | Killed Natasha
  2198 | D:3      | Reached XP level 5. HP: 34/47 MP: 5/5
  2347 | D:3      | Noticed an angel
  2349 | D:3      | Found a shimmering altar of Xom.
  2351 | D:3      | Found a glowing silver altar of Zin.
  2497 | D:3      | Reached skill level 5 in Fighting
  2497 | D:3      | Reached skill level 6 in Axes
  2499 | D:3      | Killed from afar by an orc priest

Illustrated notes

Levels and vault maps discovered:
D:1:      scummos_arrival_hexagon, layout_basic, roderic_lattice_a
D:2:      layout_loops_ring, serial_shops, shop, basic_altar,
          minmay_small_reverse_x
D:3:      layout_basic, grunt_temple_overflow_order_and_chaos_1, uniq_natasha

Skill      XL: |  1  2  3  4  5 |
---------------+----------------+-----
Axes           | 3 4 5 6 |  6.0
Fighting       | 4 5 |  5.0
Armour         | |  3.4
Shields        | |  3.4

Action                   |  1- 3 |  4- 6 || total
-------------------------+-------+-------++-------
Melee: War axe           |    78 |    76 ||   154
Throw: Dart              |     2 |       ||     2
  Use: Scroll            |     1 |     3 ||     4
       Potion            |       |     1 ||     1
Armor: Scale mail        |    45 |    32 ||    77
Dodge: Dodged            |    21 |    15 ||    36
Block: Kite shield       |    39 |    30 ||    69

Table legend: (Time is in decaauts)
 A = Elapsed time spent in this place.
 B = Non-inter-level travel time spent in this place.
 C = Inter-level travel time spent in this place.
 D = Time resting spent in this place.
 E = Time spent auto-exploring this place.
 F = Levels seen in this place.
 G = Mean time per level.
                   A        B        C        D        E       F      G
               +--------+--------+--------+--------+--------+-----+--------+
         Total |   2577 |   2475 |    102 |    329 |   1725 |   3 |  859.0 |
       Dungeon |   2577 |   2475 |    102 |    329 |   1725 |   3 |  859.0 |
               +--------+--------+--------+--------+--------+-----+--------+

Top non-repeatable levels by time:
     D:1: 977 daAuts
     D:2: 915 daAuts
     D:3: 683 daAuts
